 Dungeon Crawl Stone Soup version 0.28-a0-861-ge64d6db94f (webtiles) character file.

Game seed: 17623229176798172371

886 dracfodder the Magician (level 8, 0/43 HPs)
             Began as a Gargoyle Ice Elementalist on Nov 15, 2021.
             Was an Initiate of Vehumet.
             Slain by an orc warrior (10 damage)
             ... on level 6 of the Dungeon.
             The game lasted 00:26:32 (6293 turns).

dracfodder the Magician (Gargoyle Ice Elementalist) Turns: 6293, Time: 00:26:34

Health: 0/43       AC:  8    Str: 12    XL:     8   Next: 5%
Magic:  17/17      EV: 12    Int: 18    God:    Vehumet [......]
Gold:   204        SH:  0    Dex: 10    Spells: 7/19 levels left

rFire   . . .      SeeInvis .   g - +0 hunting sling
rCold   . . .      Faith    .   (no shield)
rNeg    + . .      Spirit   .   a - +0 robe
rPois   ∞          Reflect  .   (no helmet)
rElec   +          Harm     .   (no cloak)
rCorr   .          Rampage  .   (no gloves)
Will    .....                   o - +0 pair of boots
Stlth   ++........              f - amulet of magic regeneration
HPRegen 0.14/turn               (no ring)
MPRegen 0.40/turn               (no ring)

@: no status effects
A: sickness immunity, AC +5, negative energy resistance 1, electricity
resistance, torment resistance 1, petrification resistance
a: Renounce Religion


You were on level 6 of the Dungeon.
You worshipped Vehumet.
Vehumet was noncommittal.
You visited 2 branches of the dungeon, and saw 7 of its levels.

You collected 204 gold pieces.

Inventory:

Hand Weapons
 b - a +3 short sword of flaming
 g - a +0 hunting sling (weapon)
Missiles
 c - 14 poisoned darts
 d - 84 arrows
 e - 87 stones (quivered ammo)
 h - 27 sling bullets
 k - 20 bolts
 l - a boomerang
Armour
 a - a +0 robe (worn)
 o - a +0 pair of boots (worn)
Jewellery
 f - an amulet of magic regeneration (around neck)
 n - a ring of willpower
Scrolls
 t - a scroll of teleportation {unknown}
Potions
 i - a potion of haste {unknown}
 j - 2 potions of curing
 m - a potion of flight {unknown}
 p - a potion of heal wounds
 q - 2 potions of resistance {unknown}
 r - a potion of lignification {unknown}
 s - a potion of ambrosia {unknown}


   Skills:
 + Level 1.0 Fighting
 + Level 1.4 Short Blades
 + Level 1.1 Throwing
 + Level 2.0 Dodging
 + Level 2.7 Stealth
 * Level 6.4 Spellcasting
 + Level 1.4 Conjurations
 + Level 1.8 Fire Magic
 + Level 5.3 Ice Magic


You had 7 spell levels left.
You knew the following spells:

 Your Spells              Type           Power      Damage    Failure   Level
a - Freeze                Ice            96%        1d11      1%          1
b - Frozen Ramparts       Ice            48%        1d6       3%          3
c - Ozocubu's Armour      Ice            24%        N/A       3%          3
d - Foxfire               Conj/Fire      44%        2x1d6     6%          1
e - Hailstorm             Conj/Ice       18%        3d6       28%         4

Your spell library contained the following spells:

 Spells                   Type           Power      Damage    Failure   Level
 Ensorcelled Hibernation  Hex/Ice        30%        N/A       6%          2
 Animate Skeleton         Necr           10%        N/A       12%         1
 Pain                     Necr           20%        1d5       12%         1
 Conjure Flame            Conj/Fire      11%        6-21      17%         3
 Inner Flame              Hex/Fire       9%         N/A       24%         3
 Spider Form              Tmut/Pois      5%         N/A       34%         3
 Vampiric Draining        Necr           5%         2d6       34%         3
 Flame Wave               Conj/Fire      11%        3d4       50%         4


Dungeon Overview and Level Annotations

Branches:
Dungeon (6/15)             Temple (1/1) D:5

Altars:
Ashenzari
Cheibriados
Dithmenos
Elyvilon
Fedhas
Gozag
Hepliaklqana
Kikubaaqudgha
Makhleb
Okawaru
Qazlal
Ru
Sif Muna
Trog
Uskayaw
Vehumet
Wu Jian
Xom
Yredelemnul
Zin
The Shining One

Annotations:
D:3 1 runed translucent door


Innate Abilities, Weirdness & Mutations

You are immune to sickness and miasma.
Your stone body is resilient. (AC +5)
You are immune to poison.
You resist negative energy. (rN+)
You are resistant to electric shocks. (rElec)
You are resistant to unholy torment.
You are immune to petrification.


Message History

The orc wizard casts a spell at you. You resist with some effort.
As you read the scroll of enchant weapon, it crumbles to dust.
Your +2 short sword of flaming glows red for a moment.
The wall freezes the orc wizard.
The orc wizard casts a spell.
The orc wizard flickers and vanishes!
Deactivating autopickup; reactivate with Ctrl-A.
The wall freezes the orc!
You kill the orc!
Vehumet accepts your kill.
You barely miss something.
The wall freezes something.
Something hits you.
You miss something.
The wall freezes something.
Vehumet accepts your kill.
Reactivating autopickup.
You feel a bit more experienced.
Your +3 short sword of flaming stops flaming.
g - a +0 hunting sling (weapon)
The wall freezes the orc warrior.
You shoot a stone.
The stone hits the orc warrior but does no damage.
The orc warrior is lightly wounded.
The wall freezes the orc warrior.
You shoot a stone.
The stone closely misses the orc warrior.
The wall freezes the orc warrior.
The orc warrior hits you with a +0 flail.
You shoot a stone.
The stone hits the orc warrior but does no damage.
The orc warrior is moderately wounded.
The wall freezes the orc warrior.
The orc warrior hits you with a +0 flail!
You shoot a stone.
The stone hits the orc warrior but does no damage.
The orc warrior is heavily wounded.
The frozen ramparts melt away.
The orc warrior hits you with a +0 flail!
* * * LOW HITPOINT WARNING * * *
The orc warrior hits you with a +0 flail!
You die...

#.....# .o... ....
.# . # #.. .# ..# #.
#)#####.#
.#..#.###(##....##
........o........###
.......@...?........
#.########.......###
#...........#
#.###.......#
#.......# #..<....#
####.##.# .# .# .# #


You could see an orc warrior.

Vanquished Creatures
  The ghost of marklar909 the Shield-Bearer, an amateur PaFi (D:3)
  A water moccasin (D:6)
  A necrophage (D:5)
  A phantom (D:5)
  A scorpion (D:4)
  A water moccasin zombie (D:5)
  2 orc priests (D:3)
  3 hounds
  An orc wizard (D:6)
  A river rat (D:3)
  9 adders
  A howler monkey skeleton (D:4)
  An ufetubus (D:4)
  4 worms
  A dart slug (D:4)
  8 orcs
  3 ball pythons
  7 bats
  13 endoplasms
  3 giant cockroaches
  7 goblins
  4 hobgoblins
  5 kobolds
  7 quokkas
  5 rats
91 creatures vanquished.

Vanquished Creatures (others)
  82 foxfires
82 creatures vanquished.

Grand Total: 173 creatures vanquished

Notes
Turn   | Place    | Note
-------+----------+-------------------------------------------
     0 | D:1      | dracfodder the Gargoyle Ice Elementalist began the quest
                  | for the Orb.
     0 | D:1      | Reached XP level 1. HP: 10/10 MP: 3/3
     2 | D:1      | Noticed an octopode
     2 | D:1      | Noticed a tengu
     4 | D:1      | Noticed a merfolk
     7 | D:1      | Noticed an elf
     9 | D:1      | Noticed a gargoyle
     9 | D:1      | Noticed a troll
    11 | D:1      | Noticed a demigod
    13 | D:1      | Noticed a spriggan
    13 | D:1      | Noticed a dwarf
    15 | D:1      | Noticed a formicid
    15 | D:1      | Noticed a minotaur
    17 | D:1      | Noticed a naga
    17 | D:1      | Noticed a draconian
    19 | D:1      | Noticed a vine stalker
    19 | D:1      | Noticed a demonspawn
    21 | D:1      | Noticed a felid
    21 | D:1      | Noticed a vampire
    23 | D:1      | Noticed an ogre
    25 | D:1      | Noticed a ghoul
    27 | D:1      | Noticed a human
   454 | D:1      | Reached XP level 2. HP: 15/15 MP: 2/5
   511 | D:1      | Found a faded altar of an unknown god.
  1244 | D:2      | Reached skill level 3 in Spellcasting
  1244 | D:2      | Reached XP level 3. HP: 20/20 MP: 4/7
  1288 | D:2      | Learned a level 3 spell: Frozen Ramparts
  1292 | D:2      | Learned a level 3 spell: Ozocubu's Armour
  1831 | D:2      | Reached XP level 4. HP: 24/24 MP: 4/8
  2534 | D:3      | Learned a level 1 spell: Foxfire
  2815 | D:3      | Reached XP level 5. HP: 13/28 MP: 2/10
  3235 | D:3      | Found a runed translucent door.
  3236 | D:3      | Noticed marklar909's ghost (amateur PaFi)
  3652 | D:3      | Found a runed translucent door.
  3664 | D:3      | Reached skill level 4 in Spellcasting
  3673 | D:3      | Killed marklar909's ghost
  3674 | D:3      | Reached XP level 6. HP: 20/33 MP: 8/13
  3885 | D:3      | Reached skill level 5 in Spellcasting
  3891 | D:3      | Reached skill level 1 in Fire Magic
  4298 | D:4      | Learned a level 4 spell: Hailstorm
  4365 | D:4      | Reached skill level 1 in Conjurations
  4382 | D:4      | Reached XP level 7. HP: 29/37 MP: 10/14
  4882 | D:5      | Entered Level 5 of the Dungeon
  5221 | D:5      | Reached skill level 5 in Ice Magic
  5329 | D:5      | Reached skill level 1 in Short Blades
  5329 | D:5      | Reached skill level 1 in Throwing
  5344 | D:5      | Found a staircase to the Ecumenical Temple.
  5454 | Temple   | Entered the Ecumenical Temple
  6075 | Temple   | Became a worshipper of Vehumet
  6148 | D:5      | Reached skill level 6 in Spellcasting
  6160 | D:5      | Reached skill level 1 in Fighting
  6259 | D:5      | Noticed a wyvern
  6273 | D:6      | Reached XP level 8. HP: 43/43 MP: 11/17
  6293 | D:6      | Slain by an orc warrior

Illustrated notes

Levels and vault maps discovered:
D:1:      kb_arrival_jail, layout_basic, basic_ecumenical_altar,
          minmay_misc_feat_plants, due_unseen_surprise
D:2:      layout_basic
D:3:      layout_basic, ebering_ghost_sewer_f
D:4:      layout_rooms
D:5:      layout_basic, temple_pool_b, nicolae_shop_self_help, uniq_sigmund
D:6:      cheibrodos_barr_body, layout_loops_ring, biasface_ghost_orc_armoury,
          uniq_maggie, uniq_prince_ribbit1, uniq_menkaure
Temple:   mainiacjoe_temple_starburst

Skill      XL: |  1  2  3  4  5  6  7 |
---------------+----------------------+-----
Spellcasting   | 3 4 5 6 |  6.4
Fire Magic     | 1 |  1.8
Conjurations   | 1 |  1.4
Ice Magic      | 5 |  5.3
Short Blades   | 1 |  1.4
Throwing       | 1 |  1.1
Fighting       | 1 |  1.0
Dodging        | 2 |  2.0
Stealth        | |  2.7

Action                   |  1- 3 |  4- 6 |  7- 9 || total
-------------------------+-------+-------+-------++-------
Melee: Unarmed           |     1 |       |       ||     1
       Short sword       |     4 |    24 |    33 ||    61
 Fire: Hunting sling     |       |       |     4 ||     4
Throw: Stone             |       |    12 |       ||    12
       Dart              |       |     8 |     4 ||    12
       Boomerang         |       |       |     5 ||     5
 Cast: Freeze            |    53 |    22 |     7 ||    82
       Frozen Ramparts   |     1 |    10 |     9 ||    20
       Foxfire           |       |    34 |    20 ||    54
       Ozocubu's Armour  |       |     3 |     3 ||     6
  Use: Scroll            |       |     7 |     2 ||     9
 Stab: Sleeping          |       |       |     1 ||     1
Armor: Robe              |    16 |    21 |    15 ||    52
Dodge: Dodged            |    32 |    33 |    20 ||    85

Table legend: (Time is in decaauts)
 A = Elapsed time spent in this place.
 B = Non-inter-level travel time spent in this place.
 C = Inter-level travel time spent in this place.
 D = Time resting spent in this place.
 E = Time spent auto-exploring this place.
 F = Levels seen in this place.
 G = Mean time per level.
                   A        B        C        D        E       F      G
               +--------+--------+--------+--------+--------+-----+--------+
         Total |   6311 |   5915 |    396 |   1066 |   3939 |   7 |  901.6 |
       Dungeon |   5633 |   5358 |    275 |   1066 |   3391 |   6 |  938.8 |
        Temple |    677 |    556 |    121 |      0 |    548 |   1 |  677.0 |
               +--------+--------+--------+--------+--------+-----+--------+

Top non-repeatable levels by time:
     D:3: 1819 daAuts
     D:1: 1183 daAuts
     D:2: 1157 daAuts
     D:4: 1020 daAuts
  Temple: 677 daAuts
     D:5: 425 daAuts
     D:6: 27 daAuts
